[Event "Late-Titled-Tuesday-Blitz-June-04-2024"]
[Site "Chess.com"]
[Date "2024.06.04"]
[Round "9"]
[White "zverr1"]
[Black "GMTalks_Youtube"]
[Result "1-0"]
[WhiteElo "2626"]
[BlackElo "2728"]
[TimeControl "180+1"]
[EndTime "15:44:01 PDT"]
[Termination "zverr1 won by checkmate"]

1. e4 e5 2. Nf3 Nc6 3. Bc4 Nf6 4. Ng5 d5 5. exd5 Na5 6. Bb5+ Bd7 7. Qe2 Be7 8. Nc3 O-O 9. O-O Bxb5 10. Qxb5 b6 11. d3 a6 12. Qa4 Nxd5 13. Nxd5 Qxd5 14. Qe4 Qxe4 15. Nxe4 Rad8 16. Bd2 Nc6 17. Bc3 Bb4 18. Rfe1 Bxc3 19. bxc3 f6 20. c4 Nd4 21. Rac1 Ne6 22. Rb1 Rd7 23. Kf1 Rfd8 24. Nc3 Nd4 25. Rb2 Kf7 26. a4 a5 27. Ne4 h6 28. c5 Rb8 29.
Reb1 f5 30. Nd2 Rc8 31. cxb6 cxb6 32. Nc4 Rdc7 33. Nd6+ Kg8 34. Nxc8 Rxc8 35. c4 e4 36. dxe4 fxe4 37. Rc1 Rc6 38. Ke1 Ne6 39. Ke2 Nc5 40.
Ra1 Nd3 41. Rc2 Kf7 42. Ke3 Nc5 43. Rb2 Nd3 44. Rb3 Nc5 45. Rb5 Ke7 46. Ra3 Nd7 47. f3 Rxc4 48. fxe4 Nc5 49. Rxb6 Rxe4+ 50. Kf3 Rc4 51. Rb5 Nxa4 52. Rxa5 Nb6 53. Ra7+ Kf6 54. R7a6 Rb4 55. Rc3 Kf7 56. Rc7+ Kg8 57. Raa7 Rb3+ 58. Kf2 Rb2+ 59. Kg3 Rb3+ 60. Kh4 Rb4+ 61. g4 Nd5 62. Rxg7+ Kf8 63. Raf7+ Ke8 64. Ra7 Ne3 65. Rg8# 1-0

[Event "Late-Titled-Tuesday-Blitz-June-04-2024"]
[Site "Chess.com"]
[Date "2024.06.04"]
[Round "9"]
[White "MITerryble"]
[Black "Eduard_Limonov"]
[Result "1-0"]
[WhiteElo "3030"]
[BlackElo "2834"]
[TimeControl "180+1"]
[EndTime "15:44:03 PDT"]
[Termination "MITerryble won by resignation"]

1. d4 d5 2. Bg5 h6 3. Bh4 c5 4. e3 Nc6 5. c3 Qb6 6. Qb3 c4 7.
Qc2 g5 8. Bg3 Nf6 9. Nd2 Bg7 10.
h4 Nh5 11. Bh2 g4 12. e4 e6 13. Be2 f5 14. e5 O-O 15. Nh3 Bd7 16. Nf4 Nxf4 17.
Bxf4 h5 18. Nf1 Rac8 19. Qd2 Qa5 20. Ng3 Be8 21. O-O b5 22. a3 Qd8 23. Bg5 Qd7 24.
f3 a5 25. fxg4 hxg4 26. Rf2 b4 27. Raf1 bxa3 28. bxa3 Rb8 29. h5 Qb7 30. h6 Bh8 31.
Bxg4 Bg6 32. Bh5 Qf7 33. Rf4 Kh7 34. Rh4 Rg8 35. Bd1 Qf8 36. a4 Qa3 37. Ne2 Rb2 38. Qe1 Qa2 39. Rf2 Nd8 40. Nf4 Bf7 41. Bxd8 Rxd8 42.
g4 Rg8 43. Kf1 Rxf2+ 44. Qxf2 Qa1 45. Qe1 Qc1 46. gxf5 exf5 47. Kf2 Qb2+ 48. Be2 Bxe5 49. dxe5 Qb6+ 50. Kf3 d4 51. e6 Bxe6 52. cxd4 Qc6+ 53. Kf2 Qd6 54. Qc3 Bd5 55. Qe3 Be4 56. Bxc4 Qe7 57.
Bxg8+ Kxg8 58. Qg3+ Kh8 59. Ng6+ Kh7 60. Nxe7 1-0

[Event "Late-Titled-Tuesday-Blitz-June-04-2024"]
[Site "Chess.com"]
[Date "2024.06.04"]
[Round "9"]
[White "IlanSchnaider"]
[Black "snowlord"]
[Result "1-0"]
[WhiteElo "2798"]
[BlackElo "2914"]
[TimeControl "180+1"]
[EndTime "15:44:09 PDT"]
[Termination "IlanSchnaider won on time"]

1. e4 Nc6 2. d4 e5 3. d5 Nce7 4.
c4 Ng6 5. Nc3 Nf6 6. h3 Bc5 7.
Bd3 a6 8. Nge2 d6 9. O-O O-O 10.
a3 Nh5 11. b4 Ba7 12. Be3 Nhf4 13. Nxf4 exf4 14. Bxa7 Rxa7 15. Kh2 Qh4 16. Be2 Ne5 17. Qd4 f3 18. Qxa7 fxg2 19. Qe3 gxf1=N+ 20. Rxf1 g5 21. Qg3 Qxg3+ 22. Kxg3 b6 23. h4 f6 24. f4 gxf4+ 25.
Rxf4 Kg7 26. Nd1 Rg8 27. h5 Kf7+ 28. Kf2 Ke7 29. Ne3 a5 30. Rh4 axb4 31. axb4 Bd7 32. Nc2 Ra8 33. Rh1 Ra2 34. Nd4 Nxc4 35. Rg1 Kf8 36. h6 Ne5 37. Rg7 Ra3 38. Rxh7 Rh3 39.
Bb5 Bxb5 40. Rh8+ Kf7 41. Nxb5 Rxh6 42. Rxh6 Ng4+ 43. Kf3 Nxh6 44. Nxc7 f5 45. Nb5 Ke7 46. Nd4 Kf6 47. Kf4 fxe4 48. Kxe4 Nf7 49. Nc6 Ng5+ 50. Kd4 Nf3+ 51. Ke4 Nd2+ 52. Kd3 Nf3 53. Kc4 Kf5 54. Kb5 Ke4 55. Ne7 Nd4+ 56. Kxb6 Nc2 57. b5 Na3 58. Kc6 Nc4 59. b6 Na5+ 60. Kxd6 Kd4 61. Kc7 Kc5 62. d6 1-0

[Event "Late-Titled-Tuesday-Blitz-June-04-2024"]
[Site "Chess.com"]
[Date "2024.06.04"]
[Round "9"]
[White "Engima32"]
[Black "slidingknight2775"]
[Result "1-0"]
[WhiteElo "2487"]
[BlackElo "2646"]
[TimeControl "180+1"]
[EndTime "15:44:12 PDT"]
[Termination "Engima32 won by checkmate"]

1. Nf3 Nf6 2. g3 d5 3. Bg2 c6 4.
d4 Bf5 5. O-O e6 6. c4 h6 7. Nc3 Nbd7 8. Qb3 Qb6 9. c5 Qa6 10. Ne5 Nxe5 11. dxe5 Nd7 12. e4 Nxc5 13. Qc2 Nxe4 14. Nxe4 Bxe4 15. Bxe4 dxe4 16. Rd1 Be7 17. Qxe4 O-O 18. Qg4 Kh8 19. Rd7 Bc5 20.
b4 Bb6 21. Bxh6 gxh6 22. Qf4 Qe2 23. Qxh6+ Kg8 24. Qg5+ Kh7 25. Qf6 Qh5 26. Rad1 Qg6 27. Qh4+ Qh6 28. Qe4+ Qg6 29. Qh4+ Kg7 30. Rxb7 Rad8 31.
Rbd7 Rxd7 32. Rxd7 Rh8 33. Qf4 Rh5 34. Rd2 Rf5 35. Qc4 Qg5 36. Re2 Qg6 37. Qxc6 Rg5 38.
Qe4 Qxe4 39. Rxe4 Rg6 40. Kg2 Rh6 41. f4 Rh8 42. Rc4 Rd8 43. a4 Rd2+ 44. Kh3 a5 45.
Rc6 Bd8 46. bxa5 Bxa5 47. Rc5 Bd8 48. Rc8 Kf8 49. a5 Ke8 50. a6 Ra2 51. Ra8 Kd7 52.
a7 Kc7 53. Kg4 Ra6 54. h4 Be7 55. Re8 Kd7 56. a8=Q Rxa8 57. Rxa8 Bd8 58. Ra7+ Ke8 59.
Ra8 Ke7 60. Rxd8 Kxd8 61. Kg5 Ke7 62. h5 Kf8 63. Kf6 Kg8 64. h6 Kh7 65. Kxf7 Kxh6 66. Kxe6 Kg6 67. f5+ Kh5 68. f6 Kg4 69. f7 Kxg3 70.
f8=Q Kg4 71. Qf5+ Kg3 72. Kf6 Kg2 73. e6 Kg3 74. e7 Kh4 75. e8=Q Kg3 76. Qeg6+ Kh4 77.
Qfh5# 1-0

[Event "Late-Titled-Tuesday-Blitz-June-04-2024"]
[Site "Chess.com"]
[Date "2024.06.04"]
[Round "9"]
[White "mfschulz"]
[Black "emeli_chess"]
[Result "1/2-1/2"]
[WhiteElo "2249"]
[BlackElo "2357"]
[TimeControl "180+1"]
[EndTime "15:44:12 PDT"]
[Termination "Game drawn by repetition"]

1. d4 Nf6 2. Bg5 e6 3. Nd2 h6 4. Bh4 c5 5. e3 cxd4 6. exd4 Be7 7. Ngf3 O-O 8. Bd3 b6 9. O-O Ba6 10. Bxa6 Nxa6 11. c3 Nc7 12. Re1 d6 13. a4 a6 14.
a5 b5 15. Qe2 Ncd5 16. Bg3 Nh5 17. Qd3 Nxg3 18. hxg3 Rc8 19. g4 Bg5 20. g3 Bxd2 21. Qxd2 Qf6 22. Kg2 g5 23. Rh1 Kg7 24. Rh5 Rh8 25.
Rah1 Qg6 26. R5h3 Nf6 27. Nh2 Qe4+ 28. f3 Qd5 29. Nf1 Nxg4 30. Ne3 Nxe3+ 31. Qxe3 Qf5 32. Qe4 Qxe4 33. fxe4 f5 34. exf5 exf5 35. Re1 Rce8 36. Rhh1 Re4 37. Rxe4 fxe4 38. Re1 d5 39. g4 Rf8 40.
Kg3 Rf3+ 41. Kg2 Kg6 42. Rc1 Rd3 43. b3 h5 44. gxh5+ Kxh5 45. c4 dxc4 46. bxc4 Rxd4 47. cxb5 axb5 48. Rb1 b4 49. a6 Rd6 50. Rxb4 Rxa6 51. Rxe4 Ra3 52. Re2 g4 53. Rb2 Kh4 54.
Rc2 Kg5 55. Rc5+ Kf4 56. Rc4+ Kg5 57. Rc5+ Kh4 58. Rc2 Rg3+ 59. Kh2 Rh3+ 60. Kg2 Rd3 61. Ra2 Rd4 62. Rb2 Kg5 63. Rf2 Rb4 64. Rc2 Kf4 65. Rf2+ Ke4 66. Rf8 Rb3 67. Rf7 Ra3 68. Rf8 Rf3 69. Rg8 Kf4 70. Rf8+ Ke3 71. Rg8 Kf4 72.
Rf8+ Ke3 73. Rg8 Kf4 1/2-1/2

[Event "Late-Titled-Tuesday-Blitz-June-04-2024"]
[Site "Chess.com"]
[Date "2024.06.04"]
[Round "9"]
[White "ReadySkate"]
[Black "gmcorrales"]
[Result "0-1"]
[WhiteElo "2723"]
[BlackElo "2885"]
[TimeControl "180+1"]
[EndTime "15:44:13 PDT"]
[Termination "gmcorrales won on time"]

1. d4 Nf6 2. c4 b6 3. Nc3 Bb7 4. f3 d5 5. cxd5 Nxd5 6. e4 Nxc3 7. bxc3 g6 8. Be3 Bg7 9. Bd3 c5 10. Ne2 cxd4 11. cxd4 O-O 12. O-O e6 13. Rc1 Nc6 14. Bb1 Rc8 15. Qd2 Na5 16. Bd3 Qd7 17.
Rxc8 Rxc8 18. Rc1 Rd8 19. Kh1 h5 20. Bg5 Rc8 21. Rxc8+ Qxc8 22. Be3 Ba6 23. h3 Bxd3 24. Qxd3 Qc4 25. Qd2 Qb5 26. Nc3 Qf1+ 27. Bg1 Nc4 28. Qd1 Qxd1 29. Nxd1 b5 30. Nc3 b4 31. Na4 a5 32. Bf2 Kf8 33. Kg1 Ke7 34. Kf1 Kd6 35.
Ke2 Kc6 36. Kd3 Kb5 37. Nc5 e5 38. d5 Bf8 39. Nd7 Bd6 40. Nf6 a4 41. Kc2 Be7 42.
Nd7 f5 43. exf5 gxf5 44. g4 e4 45. gxf5 e3 46. Be1 Bg5 47. f6 Nd6 48. Bg3 e2 49. Ne5 Nf5 50. Bf2 Bxf6 51. Nd3 Bc3 52. Kc1 b3 53.
axb3 axb3 54. Kb1 Kc4 55. Ne1 Kxd5 56. Ng2 Bd2 57. Kb2 Kc4 58. Be1 Bg5 59. f4 Bf6+ 60. Kb1 Kd3 61. Bf2 Kd2 62. Ne1 Kd1 63. Nf3 Bc3 64.
Ne5 Bd4 0-1

[Event "Late-Titled-Tuesday-Blitz-June-04-2024"]
[Site "Chess.com"]
[Date "2024.06.04"]
[Round "9"]
[White "Cambek64"]
[Black "Godzillator"]
[Result "0-1"]
[WhiteElo "2506"]
[BlackElo "2426"]
[TimeControl "180+1"]
[EndTime "15:44:15 PDT"]
[Termination "Godzillator won on time"]

1. e4 d5 2. Nc3 dxe4 3. Nxe4 Nf6 4. d3 Bf5 5. f3 e6 6. Ne2 Nxe4 7. dxe4 Qxd1+ 8. Kxd1 Bg6 9. Be3 e5 10. c3 Nd7 11. Ng3 O-O-O 12. Kc2 Bc5 13. Re1 h5 14. Bc4 h4 15. Nf5 Bxf5 16. exf5 Bxe3 17. Rxe3 f6 18. Be6 Kb8 19. Bxd7 Rxd7 20. Rd1 Kc8 21. Rxd7 Kxd7 22. Re4 Rh5 23. Rg4 Rh7 24. Kd3 Ke7 25. a4 a5 26. Rc4 c6 27. b4 h3 28. g3 Kd6 29.
bxa5 Rh5 30. g4 Rh8 31. Rb4 Kc7 32. Ke3 Ra8 33. Kf2 Rxa5 34. Kg3 Rc5 35. Rb3 Rc4 36. Ra3 Kb6 37. Kxh3 Ka5 38. Kh4 Rf4 39. c4 Rxc4 40.
Kh5 Rxa4 41. Re3 b5 42. Kg6 b4 43. Kxg7 Ra3 44. Re1 Rxf3 45. Kxf6 c5 46. Kxe5 c4 47. Kd4 c3 48. Kc4 Rf4+ 49. Kc5 Ka4 50. Rc1 Kb3 51. h3 Kb2 52. Rg1 c2 53. Kd5 c1=Q 54. Rxc1 Kxc1 55. Ke5 Rf3 56. g5 Rxh3 57. g6 b3 58. g7 Rg3 59. f6 b2 60. f7 b1=Q 61. f8=Q Qb2+ 62. Ke6 Re3+ 63. Kf7 Qb3+ 64. Kg6 Qd3+ 65. Kf6 Rf3+ 66. Kg5 Rg3+ 67. Kf6 Rg6+ 68. Kf7 Qf5+ 69. Kg8 Qe6+ 70. Qf7 Qc6 0-1

[Event "Late-Titled-Tuesday-Blitz-June-04-2024"]
[Site "Chess.com"]
[Date "2024.06.04"]
[Round "9"]
[White "zacachess"]
[Black "gabduschew"]
[Result "1/2-1/2"]
[WhiteElo "2503"]
[BlackElo "2332"]
[TimeControl "180+1"]
[EndTime "15:44:17 PDT"]
[Termination "Game drawn - insufficient material"]

1. e4 e5 2. Nf3 d5 3. Nxe5 Bd6 4.
d4 dxe4 5. Nc3 Bxe5 6. dxe5 Qxd1+ 7. Kxd1 Bf5 8. Nd5 Na6 9. Bxa6 O-O-O 10. Ke2 Rxd5 11. Bc4 Rxe5 12. Bxf7 Nf6 13. h3 Rf8 14. Bb3 Bg6 15. Be3 Bh5+ 16. g4 Bg6 17. Rad1 b6 18.
Bd4 Re7 19. a4 c5 20. Be3 Rd8 21. a5 Bf7 22. Bxf7 Rxf7 23. axb6 axb6 24. Rxd8+ Kxd8 25. Ra1 Rd7 26. Bg5 Kc7 27. Ra7+ Kd6 28. Ra6 Kc6 29.
Bxf6 gxf6 30. Ke3 Rd1 31. Ra8 Re1+ 32. Kd2 Rh1 33. Rf8 Rxh3 34. Rxf6+ Kb5 35. Rf4 Rh2 36. Ke2 h5 37. gxh5 Rxh5 38. Rxe4 Rh6 39. Rg4 Kc6 40. Rg5 Re6+ 41. Kf3 b5 42. Rg1 Rf6+ 43. Ke2 Re6+ 44. Kf3 Rf6+ 45. Kg2 Kd5 46. Rd1+ Kc4 47. Kf1 b4 48.
b3+ Kc3 49. Rd5 Kxc2 50. Rxc5+ Kxb3 51. Ke2 Ka2 52. Rb5 b3 53. Ke3 b2 54. f4 b1=Q 55. Rxb1 Kxb1 56. Ke4 Kb2 57. Ke5 Rf8 58. f5 Kc3 59. f6 Kc4 60. Ke6 Kc5 61. Ke7 Rc8 62. f7 Kc6 63. f8=Q Rxf8 64. Kxf8 1/2-1/2

[Event "Late-Titled-Tuesday-Blitz-June-04-2024"]
[Site "Chess.com"]
[Date "2024.06.04"]
[Round "9"]
[White "Chessgod9oninsta"]
[Black "BashiqChess"]
[Result "0-1"]
[WhiteElo "2679"]
[BlackElo "2487"]
[TimeControl "180+1"]
[EndTime "15:44:18 PDT"]
[Termination "BashiqChess won by resignation"]

1. f3 d5 2. e3 Nf6 3. d4 Bf5 4. Bd3 Bg6 5. Ne2 e6 6. O-O Bd6 7. c4 dxc4 8. Bxc4 c5 9. Nbc3 O-O 10. d5 exd5 11. Nxd5 Nxd5 12. Bxd5 Nc6 13. e4 Qe7 14. Be3 Rad8 15. Qc1 Nb4 16. Bg5 Qc7 17. Bxd8 Bxh2+ 18. Kh1 Rxd8 19. Rd1 Be5 20. Qe3 Qe7 21. Bb3 Qh4+ 22. Kg1 Rc8 23. Rab1 b6 24. f4 Bb8 25. a3 Nc6 26. Rbc1 Bh5 27. g3 Qh3 28. Bd5 Bxe2 29. Qxe2 Qxg3+ 30. Qg2 Qe3+ 31. Qf2 Qxf2+ 32. Kxf2 Bxf4 33.
Bxc6 Bxc1 34. Bb7 Rb8 35. Rxc1 Rxb7 36. Rd1 g6 37. Ke3 Kg7 38. Kf4 Re7 39. Rd6 h5 40.
a4 Kf8 41. Rd8+ Kg7 42. Rd6 Rb7 43. b3 a6 44. e5 b5 45. a5 c4 46. b4 c3 47. Rc6 Rd7 48. Rxc3 Rd4+ 49. Ke3 Rxb4 50. Rc6 Ra4 51. Rxa6 b4 52. Ra7 Kf8 53. a6 b3 54.
Kd3 b2 55. Kc2 h4 56. Kxb2 h3 57. e6 fxe6 58. Rh7 Rxa6 59. Rxh3 Kg7 60. Kc2 Rd6 61. Rf3 g5 62. Rg3 Kg6 63. Kc3 Kf5 64. Rf3+ Kg6 65. Rf1 g4 66. Rg1 Kg5 0-1

[Event "Late-Titled-Tuesday-Blitz-June-04-2024"]
[Site "Chess.com"]
[Date "2024.06.04"]
[Round "9"]
[White "Kapitan_Bayan"]
[Black "sokidze"]
[Result "0-1"]
[WhiteElo "2415"]
[BlackElo "2792"]
[TimeControl "180+1"]
[EndTime "15:44:19 PDT"]
[Termination "sokidze won by resignation"]

1. e4 c6 2. d4 d5 3. exd5 cxd5 4. Bd3 Nc6 5. c3 Nf6 6. h3 e5 7. dxe5 Nxe5 8. Nf3 Nxd3+ 9. Qxd3 Bd6 10. O-O O-O 11. Be3 Re8 12. Nbd2 Ne4 13. Rfd1 Bf5 14. Nf1 Qf6 15.
Qxd5 Bg6 16. Bd4 Qf4 17. Be3 Qf6 18. Ng5 Rad8 19. Nxe4 Bxe4 20. Qg5 Qe6 21. Bf4 h6 22. Qg3 Bf8 23. Ne3 b6 24. Ng4 Kh7 25. Re1 Qf5 26.
Ne3 Qf6 27. Rad1 Rxd1 28. Rxd1 Qe6 29. c4 Bc5 30. Nd5 Bg6 31. Be3 Bd6 32. Bf4 Bc5 33. b4 Qe2 34. Rf1 Bf8 35. Be3 Qxc4 36. Nf4 Qxb4 37.
Nxg6 fxg6 38. h4 Qe4 39. Re1 Qf5 40. Qc7 Re7 41. Qb8 Rf7 42. Qd8 Bc5 43. Qd2 Bxe3 44. Qxe3 Qf6 45. g3 b5 46. Qe4 a6 47. Qe3 Qf5 48. Re2 g5 49. hxg5 Qxg5 50. Qxg5 hxg5 51.
Re6 Rf6 52. Re7 Kg6 53. Ra7 g4 54. Kg2 Kh6 55. Ra8 g6 56. Ra7 Kg5 57. Ra8 Rd6 58. Ra7 Kf5 59. Ra8 Ke4 60. Ra7 Kd3 61. f3 Kc3 62.
fxg4 Kb2 63. Re7 Kxa2 64. Kf3 b4 65. Rb7 b3 66. Kf4 b2 67. Rb6 Rxb6 0-1

[Event "Late-Titled-Tuesday-Blitz-June-04-2024"]
[Site "Chess.com"]
[Date "2024.06.04"]
[Round "9"]
[White "JaackCamel"]
[Black "Mikhal867"]
[Result "0-1"]
[WhiteElo "2229"]
[BlackElo "2480"]
[TimeControl "180+1"]
[EndTime "15:44:19 PDT"]
[Termination "Mikhal867 won on time"]

1. d4 Nf6 2. c4 g6 3. Nc3 Bg7 4. e4 O-O 5. Nf3 d6 6. Be2 e5 7. Be3 Nc6 8. d5 Ne7 9. Nd2 Nd7 10. b4 f5 11. f3 a5 12. a3 Nf6 13. c5 f4 14. Bf2 g5 15. Nc4 g4 16. cxd6 cxd6 17.
Nb5 axb4 18. Nb6 Ra6 19. Nxc8 Qxc8 20. axb4 Nfxd5 21. exd5 e4 22. Rxa6 bxa6 23. Nxd6 Qc3+ 24. Kf1 e3 25. Be1 Qe5 26. Nc4 Qxd5 27. Qxd5+ Nxd5 28. fxg4 Rb8 29. h4 Nxb4 30. g3 Nd5 31. Kg2 Rc8 32. Kf3 Rf8 33. gxf4 Nxf4 34. Kxe3 Ng2+ 35. Kd2 Rd8+ 36. Kc2 Re8 37. Kd2 Rd8+ 38. Kc2 Re8 39. Kd1 Rd8+ 40. Bd2 Bc3 41. Kc2 Bxd2 42. Nxd2 Ne3+ 43.
Kc3 Rc8+ 44. Kd3 Nd5 45. Ra1 a5 46. Kd4 Nf4 47. Bf3 Rd8+ 48. Ke3 Ne6 49. Ne4 Rb8 50. Rxa5 Rb3+ 51. Kf2 Nd4 52. Be2 Rb2 53. Ng3 Nxe2 54.
Nxe2 Rb4 55. Kg3 Rb3+ 56. Kf2 Rb4 57. Rg5+ Kf7 58. Ng3 h6 59. Rf5+ Kg6 60. Re5 Rxg4 61. Nf5 Kf6 62. Nxh6 Rxh4 0-1

[Event "Late-Titled-Tuesday-Blitz-June-04-2024"]
[Site "Chess.com"]
[Date "2024.06.04"]
[Round "9"]
[White "Maus7"]
[Black "Sl4werThanYou"]
[Result "1-0"]
[WhiteElo "2576"]
[BlackElo "2728"]
[TimeControl "180+1"]
[EndTime "15:44:26 PDT"]
[Termination "Maus7 won by checkmate"]

1. e4 e5 2. Nf3 Nc6 3. Bb5 a6 4. Ba4 Nf6 5. O-O Be7 6. Re1 b5 7. Bb3 d6 8. a4 Bg4 9. c3 O-O 10. h3 Bh5 11. d3 b4 12. Nbd2 bxc3 13. bxc3 d5 14. Qc2 Qd7 15. exd5 Nxd5 16. Nxe5 Nxe5 17. Rxe5 Nf6 18. Ne4 Bg6 19. Bg5 Rae8 20. Bxf6 Bxf6 21. Nxf6+ gxf6 22. Rxe8 Rxe8 23. Bc4 Qc6 24. Qb3 Kg7 25. Rb1 Re2 26. Qd1 Re5 27. Rb4 a5 28. Rb5 Qd7 29.
Rxe5 fxe5 30. f3 f6 31. Kf2 Qc6 32. Qb3 Qc5+ 33. Kf1 Qe3 34. Qc2 h6 35. Qb2 Bxd3+ 36.
Bxd3 Qxd3+ 37. Kf2 Qc4 38. Qc2 Qc5+ 39. Kf1 Qc4+ 40.
Kf2 Qc5+ 41. Kg3 Qe3 42. c4 Qf4+ 43. Kf2 Qd4+ 44. Kg3 h5 45. h4 Qf4+ 46. Kh3 Qd4 47. c5 c6 48. Qf5 Qxc5 49. Qxh5 Qc4 50. Qf5 c5 51. Qd7+ Qf7 52. Qc6 c4 53. g4 f5 54. g5 f4 55. Kg4 e4 56. h5 exf3 57. h6+ Kh7 58. Qe4+ Kg8 59. Kxf3 c3 60. Qa8+ Qf8 61.
Qd5+ Kh7 62. Qd7+ Kg6 63. Kg4 f3 64. Qd3+ Kf7 65. g6+ Ke6 66. g7 Qb4+ 67. Kxf3 Qb7+ 68. Qe4+ Qxe4+ 69. Kxe4 Kf7 70. Kd3 c2 71. Kxc2 Kg8 72.
Kb3 Kh7 73. Kc4 Kxh6 74. Kb5 Kxg7 75. Kxa5 Kf7 76. Kb6 Ke8 77. Kb7 Kd8 78. a5 Kd7 79. a6 Kd6 80. a7 Kc5 81. a8=Q Kd4 82. Qc8 Ke3 83. Qc6 Ke2 84. Kb6 Ke3 85. Qc5+ Ke4 86.
Kb5 Kd3 87. Qc4+ Ke3 88. Kc5 Kf3 89. Kd5 Ke3 90. Ke5 Kd2 91. Qe4 Kc3 92. Kf4 Kd2 93.
Kf3 Kc3 94. Ke3 Kb3 95. Qd4 Kc2 96. Ke2 Kb3 97. Kd2 Ka3 98. Qb6 Ka4 99. Kc3 Ka3 100.
Qb3# 1-0

[Event "Late-Titled-Tuesday-Blitz-June-04-2024"]
[Site "Chess.com"]
[Date "2024.06.04"]
[Round "9"]
[White "RantomOpening"]
[Black "Laico"]
[Result "0-1"]
[WhiteElo "2547"]
[BlackElo "2423"]
[TimeControl "180+1"]
[EndTime "15:44:26 PDT"]
[Termination "Laico won by resignation"]

1. b3 d5 2. Bb2 Nf6 3. g3 c5 4. Bg2 Nc6 5. Nf3 Bg4 6. O-O Qd7 7. d3 Bh3 8. Nbd2 h5 9. e4 Bxg2 10.
Kxg2 h4 11. Rh1 dxe4 12. Nxe4 O-O-O 13. Nxh4 Nxe4 14. dxe4 Qe6 15. Qf3 Nd4 16. Bxd4 Rxd4 17. Qf5 Rxe4 18. Qxe6+ Rxe6 19. Rhe1 Rxe1 20. Rxe1 e6 21.
Nf3 Bd6 22. Ng5 Rf8 23. h4 Be7 24. Nf3 Bf6 25. Rd1 Kc7 26. g4 g6 27. c4 a6 28.
Ng5 Bxg5 29. hxg5 Rd8 30. Rh1 b5 31. Kf3 bxc4 32. bxc4 Rd3+ 33. Ke2 Rd4 34. Rh7 Rf4 35. Ke3 e5 36. f3 Kd6 37. Rh8 Rxc4 38. Rd8+ Ke7 39.
Ra8 Ra4 40. Ra7+ Ke6 41. Rc7 Ra3+ 42. Ke4 Ra4+ 43. Ke3 Rxa2 44. Rxc5 Kd6 45. Rc8 a5 46. Ra8 a4 47. Ra6+ Kd5 48. Ra7 a3 49. Ra5+ Kc4 50.
Rxe5 Ra1 51. Ra5 a2 52. Kf4 Kb3 53. Rb5+ Ka4 54. Rb8 Rf1 55. Ra8+ Kb3 56. Rb8+ Kc4 57. Rc8+ Kd5 58. Rd8+ Ke6 59. Re8+ Kd7 60. Ra8 a1=Q 61. Rxa1 Rxa1 62. Ke5 Ke7 63. f4 Rg1 64. Ke4 Rxg4 65. Kf3 Rh4 66. Kf2 Rxf4+ 67. Kg3 Rf5 68. Kg4 Ke6 69. Kh4 Ke5 70. Kg4 Ke4 71. Kg3 0-1

[Event "Late-Titled-Tuesday-Blitz-June-04-2024"]
[Site "Chess.com"]
[Date "2024.06.04"]
[Round "9"]
[White "merinasian"]
[Black "stolencandy13"]
[Result "1-0"]
[WhiteElo "2513"]
[BlackElo "2623"]
[TimeControl "180+1"]
[EndTime "15:44:30 PDT"]
[Termination "merinasian won by checkmate"]

1. d4 Nf6 2. Nf3 d5 3. c4 c6 4. e3 Bf5 5. cxd5 cxd5 6. Qb3 Bc8 7. Nc3 Nc6 8. Ne5 e6 9. Bb5 Bd7 10. Nxd7 Qxd7 11. O-O a6 12. Be2 Bd6 13. Bd2 O-O 14. Na4 Qc7 15. h3 Ne4 16. Be1 b5 17. Nc5 Nxc5 18.
dxc5 Bxc5 19. Rc1 Bd6 20. a4 b4 21. Bxb4 Rfb8 22. Bxd6 Qxd6 23. Qc3 Nb4 24. Qc7 Qxc7 25.
Rxc7 g6 26. Rfc1 Kg7 27. Rd7 Rc8 28. Rcc7 Rxc7 29. Rxc7 Kf6 30. Rb7 a5 31. Rb5 Nc6 32.
Rc5 Nb4 33. Bb5 Ke5 34. Rc7 Kf6 35. g3 h6 36. Kg2 e5 37. h4 d4 38. exd4 exd4 39.
Rd7 d3 40. Bxd3 Nxd3 41. Rxd3 Rb8 42. b3 Ke5 43. Rf3 f5 44. Rc3 h5 45. Kf3 Kd4 46.
Rc4+ Kd5 47. Rc3 Kd4 48. Re3 Kd5 49. Kf4 Rb6 50. Kg5 Kd4 51. Rf3 Ke4 52. Rc3 Kd4 53. Rc4+ Kd3 54. Rc5 Rxb3 55. Rxa5 Rb2 56. Kxg6 Rxf2 57.
Rxf5 Rg2 58. Kxh5 Rxg3 59. a5 Ke4 60. Rg5 Ra3 61. Kg6 Kf4 62. h5 Rc3 63. Rf5+ Kg4 64. h6 Rc6+ 65. Rf6 Rc1 66. h7 Rh1 67. Kg7 Kg5 68.
Rg6+ Kf5 69. Rh6 Rg1+ 70. Kf8 Rb1 71. h8=Q Rb8+ 72. Kf7 Rb7+ 73. Ke8 Rb8+ 74. Kd7 Rxh8 75.
Rxh8 Ke5 76. Rb8 Kd5 77. a6 Kc5 78. a7 Kd5 79. a8=Q+ Ke5 80. Qa5+ Kd4 81. Rb4+ Kd3 82. Qa3+ Kc2 83. Rb2+ Kc1 84. Qa1# 1-0

[Event "Late-Titled-Tuesday-Blitz-June-04-2024"]
[Site "Chess.com"]
[Date "2024.06.04"]
[Round "9"]
[White "profedechess93"]
[Black "mbojan"]
[Result "1-0"]
[WhiteElo "2618"]
[BlackElo "2825"]
[TimeControl "180+1"]
[EndTime "15:44:31 PDT"]
[Termination "profedechess93 won on time"]

1. e4 a6 2. d4 e6 3. Bd3 d5 4. e5 c5 5. c3 Bd7 6. Nf3 cxd4 7. Nxd4 Nc6 8. Nf3 Bc5 9. O-O Nge7 10. b4 Ba7 11. Na3 Qc7 12. Qe2 Ng6 13. Re1 f6 14. Bxg6+ hxg6 15. Bf4 Rh5 16. b5 Nxe5 17. Nxe5 fxe5 18.
Bxe5 Qc5 19. Nc2 Bxb5 20. Qg4 Kf7 21. Nd4 Bd7 22. Re3 Qc4 23. Rg3 Rh6 24. Bf4 Rah8 25. Bxh6 Rxh6 26. Qf4+ Kg8 27. Qd6 Qc8 28. Qe7 Bc5 29. Qg5 Bd6 30. Rh3 Rxh3 31. gxh3 e5 32. Ne2 Bxh3 33. Qxg6 Qc6 34. Ng3 d4 35. Qe4 dxc3 36.
Qxc6 bxc6 37. Ne4 Bb4 38. Rc1 Bf5 39. Nxc3 Be6 40. Ne4 Bd5 41. Nc3 Ba3 42. Rc2 Be6 43. Na4 Bd5 44. Rd2 Bb4 45. Rc2 Kf7 46. Rc1 Ke6 47. Nc3 Bf3 48. Nb1 Kd6 49. a3 Ba5 50.
Rc2 e4 51. Rb2 Bd8 52. Nd2 Bf6 53. Rc2 Bd1 54. Nc4+ Kd5 55. Rc1 Bb3 56. Ne3+ Kd6 57. Rb1 Be6 58. Re1 c5 59. Rc1 Bd4 60. Kf1 a5 61.
Ke2 a4 62. Nc4+ Kc6 63. Nd2 Kb5 64. Nxe4 Bb3 65. Nd6+ Kc6 66. Ne4 Kd5 67. f3 c4 68. Nc3+ Kc5 69. Kd2 Be5 70. Rg1 Bf4+ 71. Ke2 Bxh2 72. Rg5+ 1-0

[Event "Late-Titled-Tuesday-Blitz-June-04-2024"]
[Site "Chess.com"]
[Date "2024.06.04"]
[Round "9"]
[White "cristiano78"]
[Black "MNyuyu"]
[Result "0-1"]
[WhiteElo "2227"]
[BlackElo "2412"]
[TimeControl "180+1"]
[EndTime "15:44:37 PDT"]
[Termination "MNyuyu won on time"]

1. d4 d5 2. c4 e6 3. Nf3 h6 4.
Nc3 Nf6 5. Bf4 Bd6 6. Bxd6 Qxd6 7. e3 O-O 8. Rc1 a6 9. c5 Qe7 10. b4 Nbd7 11. Be2 e5 12. dxe5 Nxe5 13. Nxd5 Nxd5 14. Qxd5 Nxf3+ 15. Bxf3 c6 16. Qd4 Be6 17. a4 Rad8 18.
Qc3 Rd7 19. O-O Rfd8 20. Rfd1 Bd5 21. Bxd5 Rxd5 22. Rxd5 Rxd5 23. h3 Qd7 24. Qc4 Rd2 25. Qb3 g6 26. b5 axb5 27. axb5 cxb5 28. Rb1 h5 29. Qxb5 Rd1+ 30. Kh2 Qc7+ 31. g3 Rxb1 32. Qxb1 Qxc5 33. Qxb7 Qc2 34. Qb8+ Kg7 35. Qe5+ Kg8 36. Qf6 Qa2 37. g4 hxg4 38. hxg4 Qc4 39. Kg3 Qc7+ 40. f4 Qc4 41. Qd8+ Kh7 42. Qd7 Qb3 43. Kf3 Kg8 44. f5 gxf5 45. gxf5 Qb1 46. Qd8+ Kh7 47. Qh4+ Kg8 48. Qg5+ Kf8 49. f6 Qf1+ 50. Ke4 Qc4+ 51. Kf5 Qd5+ 52. Kg4 Qg2+ 53. Kf4 Qf2+ 54. Ke5 Qb2+ 55.
Kf5 Qb5+ 56. Kg4 Qe2+ 57. Kg3 Qe1+ 58. Kf3 Qf1+ 59. Ke4 Qc4+ 60. Ke5 Qb5+ 61. Kf4 Qc4+ 62. e4 Qc1+ 63. Kf5 Qc5+ 64. e5 Qc2+ 65. Kg4 Qg2+ 66. Kf4 Qd2+ 67. Kf5 Qd7+ 68. Ke4 Qc6+ 69. Kf4 Qc4+ 70. Kg3 Qd3+ 71. Kh4 Qe4+ 72. Kh5 Qh1+ 73.
Qh4 Qf3+ 74. Qg4 Qh1+ 75. Kg5 Qc1+ 0-1

[Event "Late-Titled-Tuesday-Blitz-June-04-2024"]
[Site "Chess.com"]
[Date "2024.06.04"]
[Round "9"]
[White "Rutricks"]
[Black "Chigorinetz"]
[Result "1-0"]
[WhiteElo "2692"]
[BlackElo "2553"]
[TimeControl "180+1"]
[EndTime "15:44:53 PDT"]
[Termination "Rutricks won on time"]

1. Nc3 d5 2. Nf3 Nc6 3. d4 Bf5 4. Nh4 Bc8 5. g3 e5 6. dxe5 d4 7. Ne4 Nxe5 8. Bg2 Be7 9. Bf4 Nc6 10. Qd2 h6 11. Nf3 f5 12. Ne5 Nxe5 13. Bxe5 fxe4 14.
Bxg7 Rh7 15. Bxd4 Bf5 16. Qc3 Qd6 17. O-O-O O-O-O 18. Bxa7 Qa6 19. Rxd8+ Bxd8 20. Qe5 Rf7 21. Bd4 Qxa2 22. b3 Ne7 23. Bxe4 Bxe4 24. Qxe4 Nc6 25. Bb2 Rxf2 26. h4 Kb8 27. Rd1 Be7 28. Qe3 Ba3 29.
Bxa3 Qxa3+ 30. Kb1 Rf8 31. Qxh6 Re8 32. Qg6 Rc8 33.
Qe4 Nb4 34. Rd4 Qa2+ 35. Kc1 c5 36. Rd7 Qa1+ 37. Kd2 Qa6 38. Qe5+ Ka8 39. Qd6 Qa7 40. Rd8 Rxd8 41. Qxd8+ Qb8 42. Qxb8+ Kxb8 43. h5 Nd5 44. h6 Nf6 45. g4 Kc7 46. g5 Ne4+ 47. Ke3 Nxg5 48.
Kf4 Nh7 49. Kf5 Kd6 50. Kg6 Nf8+ 51. Kf7 Nh7 52. Kg7 Ng5 53. Kg6 Ne6 54. Kf6 Nf8 55. Kg7 Ne6+ 56. Kg8 Ng5 57. Kg7 Ke5 58. Kg6 Ne6 59.
e3 b5 60. Kf7 Ng5+ 61. Kg6 Ne6 62. Kf7 Ng5+ 63. Kg7 Ke4 64. Kg6 Ne6 65. Kf6 Nf8 66. Kf7 Nh7 67. Kg6 Nf8+ 68. Kf7 Nh7 69. Kg7 Ng5 70.
Kg6 Ne6 71. Kf6 Nf8 72. Ke7 Nh7 73. Kd6 c4 74. Kc5 cxb3 75. cxb3 Kxe3 76. Kxb5 Ke4 77. Kc6 Ke5 78. b4 Kf6 79. b5 Kg6 80. b6 Nf6 81. b7 Ne8 82. b8=Q Nf6 83. Qd6 Kf7 84. Qc7+ Ke6 85.
Qg7 Ne8 86. Qg6+ Ke7 87. Qxe8+ Kxe8 88. h7 Kf7 89. h8=Q Ke7 90. Qc8 1-0